 Dungeon Crawl Stone Soup version 0.28.0 (webtiles) character file.

Game seed: 8853080111193205336

263048 Morbidden the Demonic Aeon (level 19, -34/144 HPs)
             Began as a Demonspawn Fighter on Feb 16, 2022.
             Was the Champion of Cheibriados.
             Killed from afar by an ironbound thunderhulk (42 damage)
             ... with a bolt of lightning
             ... on level 1 of the Vaults.
             The game lasted 01:26:12 (43258 turns).

Morbidden the Demonic Aeon (Demonspawn Fighter)    Turns: 43258, Time: 01:26:13

Health: -34/144    AC: 30    Str: 37    XL:     19   Next: 24%
Magic:  20/35      EV: 19    Int: 27    God:    Cheibriados [******]
Gold:   3309       SH: 23    Dex: 28    Spells: 23/43 levels left

rFire   . . .      SeeInvis .   a - +6 shillelagh "Devastator" {shatter}
rCold   . . .      Faith    .   G - +0 tower shield
rNeg    . . .      Spirit   .   z - +4 troll leather armour
rPois   +          Reflect  .   A - +1 helmet
rElec   .          Harm     .   r - +2 cloak {rPois}
rCorr   .          Rampage  .   V - +2 pair of gloves
Will    +....                   (no boots)
Stlth   +++.......              E - amulet of regeneration
HPRegen 1.94/turn               U - +4 ring of slaying
MPRegen 0.24/turn               P - +4 ring of slaying

@: sanguine armoured, very slightly contaminated, very slow
A: foul stench 3, icemail 1, sanguine armour 2, condensation shield, demonic
touch 2
}: 2/15 runes: decaying, gossamer
a: Renounce Religion, Bend Time, Temporal Distortion, Slouch, Step From Time


You were on level 1 of the Vaults.
You worshipped Cheibriados.
Cheibriados was exalted by your worship.
You visited 8 branches of the dungeon, and saw 36 of its levels.
You visited the Abyss 1 time.
You also visited: Ice Cave.

You collected 3924 gold pieces.
You spent 615 gold pieces at shops.

Inventory:

Hand Weapons
 a - the +6 shillelagh "Devastator" (weapon) {shatter}
   (You found it on level 7 of the Dungeon)

   It releases a powerful concussive burst when it strikes, dealing extra damage
   to the target and all other foes adjacent to them.
 b - a +2 rapier of venom
 t - a +1 dagger of electrocution
Missiles
 o - 5 throwing nets
 u - 17 boomerangs (quivered)
 J - 52 poisoned darts
 R - 14 javelins
 T - 2 curare-tipped darts
Armour
 c - a +2 buckler
 j - +0 ice dragon scales
 r - a +2 cloak of poison resistance (worn)
 s - +0 swamp dragon scales
 z - a +4 troll leather armour (worn)
 A - a +1 helmet (worn)
 G - a +0 tower shield (worn)
 V - a +2 pair of gloves (worn)
Jewellery
 k - a ring of fire
 B - the ring of Soaxt {rF+ rN+ Str+7}
   (You found it in an ice cave)

   [ring of positive energy]

   Str:       It affects your strength (+7).
   rF:        It protects you from fire.
   rN:        It protects you from negative energy.
 E - an amulet of regeneration (around neck)
 P - a +4 ring of slaying (right hand)
 U - a +4 ring of slaying (left hand)
Wands
 v - a wand of paralysis (42)
 x - a wand of acid (19)
 C - a wand of iceblast (36)
 K - a wand of digging (5)
 X - a wand of flame (6)
 Y - a wand of mindburst (10)
Scrolls
 f - 3 scrolls of fog
 h - 12 scrolls of identify
 n - 10 scrolls of teleportation
 p - 3 scrolls of fear
 y - 3 scrolls of magic mapping
 D - a scroll of amnesia
 F - 3 scrolls of enchant weapon
 M - 4 scrolls of silence
 N - a scroll of brand weapon
 S - a scroll of enchant armour
Potions
 d - 3 potions of might
 e - 6 potions of mutation
 g - 11 potions of ambrosia
 i - 9 potions of curing
 l - 8 potions of cancellation
 m - 3 potions of lignification
 q - 3 potions of invisibility
 w - 2 potions of brilliance
 H - 4 potions of magic
 I - 3 potions of flight
 Q - 3 potions of resistance
 W - 8 potions of heal wounds
 Z - a potion of berserk rage
Miscellaneous
 O - a box of beasts


   Skills:
 * Level 11.5 Fighting
 + Level 4.0(5.6) Short Blades
 + Level 6.0(6.6) Long Blades
 * Level 12.9 Maces & Flails
 + Level 2.1 Throwing
 + Level 6.2 Armour
 * Level 10.3 Dodging
 + Level 5.1 Stealth
 * Level 8.8 Shields
 * Level 12.8 Spellcasting
 * Level 10.6 Conjurations
 * Level 6.2 Transmutations
 * Level 8.9 Air Magic
 * Level 11.0 Earth Magic
 * Level 14.2 Invocations


You had 23 spell levels left.
You knew the following spells:

 Your Spells              Type           Power      Damage    Failure   Level
a - Airstrike             Air            30%        N/A       6%          4
b - Stone Arrow           Conj/Erth      100%       3d13      1%          3
c - Storm Form            Tmut/Air       27%        N/A       100%        7
d - Iron Shot             Conj/Erth      33%        9d7       41%         6

Your spell library contained the following spells:

 Spells                   Type           Power      Damage    Failure   Level
 Magic Dart               Conj           100%       1d8       1%          1
 Sandblast                Erth           100%       2d20      1%          1
 Shock                    Conj/Air       100%       1d9       1%          1
 Passwall                 Tmut/Erth      49%        N/A       1%          2
 Searing Ray              Conj           100%       2d8       1%          2
 Static Discharge         Conj/Air       63%        N/A       1%          2
 Swiftness                Air            60%        N/A       1%          3
 Wereblood                Tmut           50%        N/A       3%          2
 Mephitic Cloud           Conj/Pois/Air  51%        N/A       5%          3
 Spider Form              Tmut/Pois      34%        N/A       22%         3
 Animate Skeleton         Necr           34%        N/A       26%         1
 Freeze                   Ice            68%        1d8       26%         1
 Pain                     Necr           68%        1d7       26%         1
 Fulminant Prism          Conj/Hex       22%        3d13      28%         4
 Hailstorm                Conj/Ice       45%        3d10      28%         4
 Sticky Flame             Conj/Fire      45%        2d6       28%         4
 Ignite Poison            Fire/Tmut/Pois 28%        N/A       32%         3
 Call Imp                 Summ           17%        N/A       36%         2
 Ensorcelled Hibernation  Hex/Ice        34%        N/A       36%         2
 Sublimation of Blood     Necr           17%        N/A       36%         2
 Summon Lightning Spire   Summ/Air       41%        N/A       36%         4
 Blade Hands              Tmut           25%        N/A       47%         5
 Ice Form                 Ice/Tmut       34%        N/A       56%         4
 Frozen Ramparts          Ice            34%        1d5       58%         3
 Gell's Gravitas          Tloc           17%        N/A       58%         3
 Portal Projectile        Hex/Tloc       34%        N/A       58%         3
 Teleport Other           Tloc           17%        N/A       58%         3
 Vampiric Draining        Necr           17%        2d7       58%         3
 Borgnjor's Vile Clutch   Necr/Erth      23%        N/A       58%         5
 Alistair's Intoxication  Tmut/Pois      22%        N/A       89%         5
 Anguish                  Hex/Necr       8%         N/A       94%         4
 Animate Dead             Necr           8%         N/A       94%         4
 Dispel Undead            Necr           17%        3d10      94%         4
 Summon Ice Beast         Ice/Summ       17%        N/A       94%         4
 Starburst                Conj/Fire      22%        6d8       99%         6
 Excruciating Wounds      Necr           8%         N/A       100%        5
 Dispersal                Tloc           8%         N/A       100%        6
 Eringya's Noxious Bog    Tmut/Pois      17%        N/A       100%        6
 Simulacrum               Ice/Necr       8%         N/A       100%        6
 Summon Hydra             Summ           8%         N/A       100%        7
 Maxwell's Capacitive Co  Air            30%        ∞         100%        8


Dungeon Overview and Level Annotations

Branches:
Dungeon (15/15)            Temple (1/1) D:4            Lair (6/6) D:10
  Swamp (4/4) Lair:3       Spider (4/4) Lair:4        Slime (0/5) Lair:5
    Orc (2/2) D:11            Elf (3/3) Orc:2        Vaults (1/5) D:13
 Depths (0/4) D:15          IceCv (visited)

Altars:
Ashenzari
Cheibriados
Elyvilon
Gozag
Hepliaklqana
Kikubaaqudgha
Makhleb
Nemelex Xobeh
Okawaru
Vehumet
Xom
Yredelemnul
Beogh

Shops:
D:14 =   D:15 *   Orc:2 [!!=   Vaults:1 :

Annotations:
D:11 3 runed translucent doors, fly's ghost, novice FoDe
Lair:1 2 runed translucent doors, solaroid's ghost, journeyman MiFi
Lair:4 exclusion: 2 oklob plants
Spider:1 2 runed translucent doors, confidenceinterval's ghost, journeyman GrSu
Elf:2 3 runed translucent doors


Innate Abilities, Weirdness & Mutations

You frequently emit foul miasma when damaged in melee.
A meltable icy envelope protects you from harm. (AC +4)
When seriously injured, your blood forms thick armour. (AC +9)
A meltable shield of frost defends you. (SH +4)
Your touch may inflict irresistible damage on your foes.


Message History

Casting: Airstrike (mildly dangerous; 6% risk of failure)
Confirm with . or Enter, or press ? or * to list all spells.
Aiming: Airstrike (mildly dangerous; 6% risk of failure)
Press: ? - help, Dir - move target, f - ironbound thunderhulk
Aim: an ironbound thunderhulk, wielding a +0 dire flail and wearing a +0 animal skin (empty space bonus: 5/8)
The air twists around and strikes the ironbound thunderhulk!
The ironbound thunderhulk is lightly wounded.
Electricity crackles from the ironbound thunderhulk's apparatus.
The bolt of lightning hits you!!
Casting: Airstrike (mildly dangerous; 6% risk of failure)
Confirm with . or Enter, or press ? or * to list all spells.
Aiming: Airstrike (mildly dangerous; 6% risk of failure)
Press: ? - help, Dir - move target, f/p - ironbound thunderhulk
Aim: an ironbound thunderhulk, wielding a +0 dire flail and wearing a +0 animal skin (lightly wounded, empty space bonus: 5/8)
The air twists around and strikes the ironbound thunderhulk!
The ironbound thunderhulk is moderately wounded.
Electricity crackles from the ironbound thunderhulk's apparatus.
The bolt of lightning hits you!!!
Your blood congeals into armour.
Casting: Airstrike (mildly dangerous; 6% risk of failure)
Confirm with . or Enter, or press ? or * to list all spells.
Aiming: Airstrike (mildly dangerous; 6% risk of failure)
Press: ? - help, Dir - move target, f/p - ironbound thunderhulk
Aim: an ironbound thunderhulk, wielding a +0 dire flail and wearing a +0 animal skin (moderately wounded, empty space bonus: 5/8)
The air twists around and strikes the ironbound thunderhulk!
The ironbound thunderhulk is heavily wounded.
Electricity crackles from the ironbound thunderhulk's apparatus.
The bolt of lightning hits you!!!
* * * LOW HITPOINT WARNING * * *
Casting: Airstrike (mildly dangerous; 6% risk of failure)
Confirm with . or Enter, or press ? or * to list all spells.
Aiming: Airstrike (mildly dangerous; 6% risk of failure)
Press: ? - help, Dir - move target, f/p - ironbound thunderhulk
Aim: an ironbound thunderhulk, wielding a +0 dire flail and wearing a +0 animal skin (heavily wounded, empty space bonus: 5/8)
You miscast Airstrike.
You are very lightly contaminated with residual magic.
You are blasted with air.
* * * LOW HITPOINT WARNING * * *
Electricity crackles from the ironbound thunderhulk's apparatus.
The bolt of lightning hits you!!!
You die...

##......# .#......#
........# .###....#
.......# #..#....#
.....O# #..###..# .....#
.##..#..# ....# #
.##..#..# ... ..#
#..###..########'##....#
#..#............@......#
.###..##'######........#
.#....#.......#........#
##....#.......#........#
......#.......#........#
......#.......#........#
###...#.......#........#
. #...#.......#........#
#.......#


You could see an ironbound thunderhulk.

Vanquished Creatures
  Bai Suzhen (Spider:3)
  2 tentacled monstrosities (Swamp:4)
  4 thorn hunters
  Kirke (Spider:2)
  6 emperor scorpions
  2 vault wardens (Vaults:1)
  A deep elf sorcerer (Elf:1)
  2 orc warlords (Orc:2)
  Louise (Swamp:4)
  5 ghost moths
  2 very ugly things (Swamp:4)
  2 ironbound preservers
  A broodmother (Spider:3)
  A deep elf demonologist (Elf:1)
  4 entropy weavers
  2 spark wasps
  4 bunyips
  2 eleionomae (Swamp:4)
  2 deep elf death magi
  2 green deaths (Swamp:4)
  Josephine (Lair:3)
  A shambling mangrove (Swamp:2)
  2 yaktaur captains (Vaults:1)
  A great orb of eyes (Vaults:1)
  2 ogre magi
  13 boulder beetles
  3 catoblepae (Lair:6)
  3 ghost crabs
  A jorogumo (Spider:2)
  24 hydras
  3 radroaches
  An ironbound frostheart (Vaults:1)
  An anaconda (shapeshifter) (D:15)
  13 two-headed ogres
  7 alligators
  A tengu warrior (D:14)
  4 centaur warriors (D:15)
  12 death yaks (Lair:6)
  A thrashing horror (Swamp:4)
  11 dancing weapons
  A vampire mage (Abyss:5)
  An orc high priest (Orc:2)
  Urug (D:12)
  9 deep elf knights
  Nergalle (Orc:2)
  Sonja (D:11)
  A fire crab (Lair:6)
  7 pharaoh ants
  4 sun moths
  6 skeletal warriors
  4 goliath frogs
  12 steelbarb worms
  5 orb spiders
  8 bog bodies
  4 spriggan druids
  7 deep elf archers
  10 swamp dragons
  2 ironbound convokers (Vaults:1)
  14 deep elf pyromancers
  3 necromancers
  12 wolf spiders
  6 orc knights
  18 ugly things
  12 deep elf zephyrmancers
  A salamander (D:15)
  3 moths of wrath
  An oklob plant (Lair:5)
  6 cyclopes
  5 manticores
  2 will-o-the-wisps
  12 orc sorcerers
  An elephant (shapeshifter) (D:14)
  Maurice (D:8)
  13 elephants
  A guardian serpent (shapeshifter) (D:14)
  8 torpor snails
  3 black mambas
  17 cane toads
  An ice statue (IceCv)
  2 gargoyles
  13 demonic crawlers
  An orange demon (Swamp:4)
  Psyche (D:10)
  2 unseen horrors
  A rime drake (Lair:6)
  11 yaktaurs
  2 entropy weaver simulacra (IceCv)
  7 komodo dragons
  3 anaconda simulacra (IceCv)
  A tengu conjurer (D:14)
  An ice devil (IceCv)
  10 trolls
  3 trolls (shapeshifter)
  A polar bear (shapeshifter) (D:13)
  A bloated husk (Swamp:2)
  14 meliai
  18 tarantellas
  12 tyrant leeches
  8 hornets
  49 blink frogs
  Grinder (D:6)
  19 slime creatures
  4 large abominations
  15 culicivoras
  9 air elementals
  A fire elemental (Elf:1)
  A vampire (D:12)
  14 jumping spiders
  9 wraiths
  9 spriggans
  Sigmund (D:2)
  38 yaks
  A wyvern (Lair:2)
  4 shadows (Swamp:4)
  Eustachio (D:4)
  A dire elephant simulacrum (IceCv)
  4 hogs (Spider:2)
  2 water elementals
  A death yak simulacrum (IceCv)
  10 basilisks
  A steam dragon (Lair:2)
  44 redbacks
  17 vampire mosquitoes
  3 wargs
  17 swamp worms
  3 acid dragons
  16 water moccasins
  2 swamp drakes
  2 black bears
  A hornet zombie (D:8)
  A necrophage (D:7)
  32 orc warriors
  An ice beast (D:3)
  6 boggarts
  17 ogres
  A wolf (Lair:4)
  11 centaurs
  6 kobold brigands
  2 gnoll sergeants (D:11)
  3 elf zombies (Elf:1)
  7 bullfrogs
  5 cane toad simulacra (IceCv)
  An earth elemental (Elf:1)
  6 scorpions
  A two-headed ogre simulacrum (IceCv)
  A water moccasin skeleton (D:5)
  An elephant simulacrum (IceCv)
  9 wights
  A howler monkey (D:7)
  4 electric eels (D:14)
  A quasit (Abyss:3)
  5 centaur zombies
  A hound (D:5)
  3 bullfrog skeletons
  4 centaur skeletons
  2 gnoll shamans
  18 orc priests
  Crazy Yiuf (D:7)
  2 bullfrog zombies (D:6)
  8 jellies
  An iguana (D:5)
  29 orc wizards
  7 spriggan simulacra (IceCv)
  6 troll simulacra (IceCv)
  2 polar bear simulacra (IceCv)
  A wolf simulacrum (IceCv)
  A killer bee zombie (D:8)
  A hound skeleton (D:4)
  15 gnolls
  A howler monkey zombie (D:7)
  3 adders
  7 naga simulacra (IceCv)
  2 shadow imps
  23 white imps
  3 ufetubi
  An adder skeleton (D:2)
  A worm (D:2)
  A dart slug (D:2)
  96 orcs
  4 ball pythons
  6 bats
  29 endoplasms
  2 giant cockroaches (D:1)
  7 hobgoblins
  2 jackals (D:1)
  3 quokkas
  4 frilled lizards
  5 goblins
  35 kobolds
  7 rats
  A bush (Lair:2)
1255 creatures vanquished.

Vanquished Creatures (collateral kills)
  Nikola (Spider:3)
1 creature vanquished.

Vanquished Creatures (others)
  An eleionoma (Swamp:2)
  2 bloated husks (Swamp:2)
  A human (D:9)
  A boggart (D:15)
  4 foxfires
  41 fungi
  34 plants
  10 toadstools (D:4)
94 creatures vanquished.

Grand Total: 1350 creatures vanquished

Notes
Turn   | Place    | Note
-------+----------+-------------------------------------------
     0 | D:1      | Morbidden the Demonspawn Fighter began the quest for the
                  | Orb.
     0 | D:1      | Reached XP level 1. HP: 18/18 MP: 1/1
   267 | D:1      | Gained mutation: When seriously injured, your blood forms
                  | armour. (AC +9) [demonic ancestry]
   267 | D:1      | Reached XP level 2. HP: 20/24 MP: 2/2
  1013 | D:1      | Reached XP level 3. HP: 22/29 MP: 3/3
  1192 | D:2      | Noticed an eye of devastation
  1193 | D:2      | Found a faded altar of an unknown god.
  1204 | D:2      | Noticed a golden eye
  1209 | D:2      | Noticed a shining eye
  1211 | D:2      | Noticed Sigmund
  1221 | D:2      | Killed Sigmund
  1222 | D:2      | Reached skill level 1 in Dodging
  1222 | D:2      | Gained mutation: A meltable shield of frost defends you.
                  | (SH +4) [demonic ancestry]
  1222 | D:2      | Reached XP level 4. HP: 31/36 MP: 4/4
  1222 | D:2      | Reached XP level 5. HP: 36/41 MP: 5/5
  1282 | D:2      | Noticed an eye of devastation
  1475 | D:2      | Learned a level 1 spell: Sandblast
  2285 | D:3      | Noticed an ice beast
  2652 | D:3      | Killed an ice beast
  2653 | D:3      | Gained mutation: You may rarely emit foul miasma when
                  | damaged in melee. [demonic ancestry]
  2653 | D:3      | Reached XP level 6. HP: 25/48 MP: 6/6
  3224 | D:4      | Found a burning altar of Makhleb.
  3297 | D:4      | Noticed Eustachio
  3319 | D:4      | Killed Eustachio
  3320 | D:4      | Reached skill level 1 in Spellcasting
  3320 | D:4      | Reached skill level 1 in Earth Magic
  3506 | D:4      | Gained mutation: Your touch may inflict minor irresistible
                  | damage on your foes. [demonic ancestry]
  3506 | D:4      | Reached XP level 7. HP: 39/54 MP: 8/8
  3596 | D:4      | Found a staircase to the Ecumenical Temple.
  3614 | Temple   | Entered the Ecumenical Temple
  3688 | Temple   | Became a worshipper of Cheibriados the Contemplative
  4038 | D:4      | Reached skill level 1 in Short Blades
  4789 | D:5      | Entered Level 5 of the Dungeon
  4980 | D:5      | Reached * piety under Cheibriados
  4991 | D:5      | Noticed a troll
  5000 | D:5      | Killed a troll
  5001 | D:5      | Gained mutation: A meltable icy envelope protects you from
                  | harm. (AC +4) [demonic ancestry]
  5001 | D:5      | Reached XP level 8. HP: 27/61 MP: 9/11
  5770 | D:6      | Learned a level 3 spell: Stone Arrow
  5897 | D:6      | Reached skill level 1 in Invocations
  5971 | D:6      | Reached skill level 5 in Long Blades
  6231 | D:6      | Noticed Grinder
  6248 | D:6      | Killed Grinder
  6249 | D:6      | Reached skill level 1 in Conjurations
  6249 | D:6      | Reached skill level 2 in Invocations
  6249 | D:6      | Gained mutation: You sometimes emit foul miasma when
                  | damaged in melee. [demonic ancestry]
  6249 | D:6      | Reached XP level 9. HP: 57/67 MP: 13/13
  6288 | D:6      | Reached ** piety under Cheibriados
  6655 | D:7      | Reached skill level 1 in Stealth
  6905 | D:7      | Reached skill level 3 in Invocations
  6983 | D:7      | Reached skill level 5 in Fighting
  7090 | D:7      | Noticed a boulder beetle
  7108 | D:7      | Killed a boulder beetle
  7371 | D:7      | Found a runed translucent door.
  7371 | D:7      | Found the +6 shillelagh "Devastator" {shatter}
  7372 | D:7      | Noticed Crazy Yiuf
  7418 | D:7      | Reached skill level 4 in Invocations
  7569 | D:7      | Reached *** piety under Cheibriados
  7848 | D:7      | Killed Crazy Yiuf
  7947 | D:8      | Noticed Maurice
  7965 | D:8      | Killed Maurice
  7966 | D:8      | Reached skill level 1 in Throwing
  7966 | D:8      | Reached XP level 10. HP: 72/74 MP: 16/16
  8070 | D:8      | Reached skill level 1 in Maces & Flails
  8285 | D:8      | Reached **** piety under Cheibriados
  8286 | D:8      | Reached skill level 5 in Invocations
  8787 | D:9      | Found an ancient bone altar of Kikubaaqudgha.
  9173 | D:9      | Noticed a skeletal warrior
  9173 | D:9      | Found the +5 scythe "Finisher" {speed, eviscerate}
  9180 | D:9      | Killed a skeletal warrior
  9215 | D:9      | Reached ***** piety under Cheibriados
  9308 | D:9      | Reached skill level 6 in Invocations
  9322 | D:9      | Found a basalt altar of Yredelemnul.
  9363 | D:9      | Noticed a two-headed ogre
  9369 | D:9      | Killed a two-headed ogre
  9370 | D:9      | Reached skill level 5 in Earth Magic
  9541 | D:10     | Entered Level 10 of the Dungeon
  9661 | D:10     | Noticed Psyche
  9735 | D:10     | Reached XP level 11. HP: 81/81 MP: 18/18
  9838 | D:10     | Noticed a two-headed ogre
  9844 | D:10     | Killed a two-headed ogre
 10052 | D:10     | Killed Psyche
 10260 | D:10     | Found a staircase to the Lair.
 10483 | D:10     | Reached skill level 5 in Spellcasting
 10486 | D:10     | Reached skill level 5 in Maces & Flails
 10602 | D:11     | Noticed a two-headed ogre
 10611 | D:11     | Killed a two-headed ogre
 10612 | D:11     | Reached skill level 5 in Conjurations
 10708 | D:11     | Found a runed translucent gate.
 10713 | D:11     | Found a runed translucent gate.
 10714 | D:11     | Found a runed translucent gate.
 10734 | D:11     | Noticed a minotaur
 10734 | D:11     | Noticed fly's ghost (novice FoDe)
 10783 | D:11     | Noticed Sonja
 10790 | D:11     | Killed Sonja
 10799 | D:11     | Reached skill level 5 in Dodging
 10953 | D:11     | Found a staircase to the Orcish Mines.
 10967 | D:11     | Reached skill level 7 in Invocations
 11106 | D:11     | Reached skill level 5 in Shields
 11435 | Lair:1   | Entered Level 1 of the Lair of Beasts
 11437 | Lair:1   | Noticed an eight-headed hydra
 11440 | Lair:1   | Found a large runed translucent door.
 11444 | Lair:1   | Killed an eight-headed hydra
 11444 | Lair:1   | Reached ****** piety under Cheibriados
 11615 | Lair:1   | Gained mutation: When seriously injured, your blood forms
                  | thick armour. (AC +9) [demonic ancestry]
 11615 | Lair:1   | Reached XP level 12. HP: 89/89 MP: 1/20
 11816 | Lair:1   | Found a large runed translucent door.
 11819 | Lair:1   | Noticed solaroid's ghost (journeyman MiFi)
 11835 | Lair:1   | Noticed an eight-headed hydra
 11840 | Lair:1   | Killed an eight-headed hydra
 12749 | Lair:2   | Reached skill level 8 in Invocations
 12941 | Lair:2   | Found the +0 pair of fencer's gloves {Riposte Dex+3}
 13396 | Lair:3   | Reached skill level 9 in Invocations
 13618 | Lair:3   | Noticed a seven-headed hydra
 13619 | Lair:3   | Reached XP level 13. HP: 98/98 MP: 17/22
 13970 | Lair:3   | Identified a scroll of acquirement
 13970 | Lair:3   | Acquired 469 gold pieces
 14211 | Lair:3   | Found a staircase to the Swamp.
 14498 | Swamp:1  | Entered Level 1 of the Swamp
 14499 | Swamp:1  | Noticed Josephine
 14964 | Lair:4   | Found a hole to the Spider Nest.
 15036 | Lair:4   | Reached skill level 5 in Armour
 15779 | Lair:5   | Found a staircase to the Slime Pits.
 16417 | Lair:6   | Entered Level 6 of the Lair of Beasts
 16432 | Lair:6   | Reached skill level 10 in Invocations
 16439 | Lair:6   | Reached XP level 14. HP: 42/106 MP: 14/25
 17087 | Lair:6   | Reached skill level 10 in Maces & Flails
 17343 | Lair:6   | Learned a level 7 spell: Storm Form
 18341 | D:12     | Reached skill level 1 in Transmutations
 18445 | D:12     | Noticed Urug
 18453 | D:12     | Killed Urug
 18932 | D:12     | Reached skill level 1 in Air Magic
 19646 | D:13     | Noticed an ironbound preserver
 19650 | D:13     | Found a gate to the Vaults.
 19695 | D:13     | Found a frozen archway.
 19720 | IceCv    | Entered an ice cave
 19762 | IceCv    | Identified the ring of Soaxt {rF+ rN+ Str+7}
 19770 | IceCv    | Reached skill level 11 in Invocations
 20990 | IceCv    | Reached XP level 15. HP: 113/113 MP: 12/27
 21131 | D:13     | Got the Handbook of Arcane Weapons and the Blaze
 21141 | D:13     | Learned a level 6 spell: Iron Shot
 23183 | D:14     | Found Duokif's Jewellery Boutique.
 23190 | D:14     | Bought an amulet of magic regeneration for 540 gold pieces
 23372 | D:14     | Found a sparkling altar of Nemelex Xobeh.
 23391 | D:15     | Entered Level 15 of the Dungeon
 23495 | D:15     | Paralysed by something for 6 turns
 23695 | D:15     | Found Potilav's Changing Room.
 23883 | D:15     | Found a broken altar of Ashenzari.
 23983 | D:15     | Found a staircase to the Depths.
 24751 | Orc:1    | Entered Level 1 of the Orcish Mines
 24879 | Orc:1    | You fall into a shaft and drop 1 floor!
 24879 | Orc:2    | Entered Level 2 of the Orcish Mines
 24891 | Orc:2    | Noticed an orc warlord
 24907 | Orc:2    | Killed an orc warlord
 25171 | Orc:2    | Found a radiant altar of Vehumet.
 25259 | Orc:2    | Found a staircase to the Elven Halls.
 25273 | Orc:2    | Gained mutation: You frequently emit foul miasma when
                  | damaged in melee. [demonic ancestry]
 25273 | Orc:2    | Reached XP level 16. HP: 122/122 MP: 21/29
 25769 | Orc:2    | Paralysed by an orc sorcerer for 4 turns
 25774 | Orc:2    | Reached skill level 10 in Spellcasting
 25826 | Orc:2    | Found Atumuosi's Distillery.
 25865 | Orc:2    | Found an ancient bone altar of Kikubaaqudgha.
 25866 | Orc:2    | Noticed Nergalle
 25874 | Orc:2    | Killed Nergalle
 25892 | Orc:2    | Found Ceceapsee's Antique Armour Emporium.
 25905 | Orc:2    | Found a radiant altar of Vehumet.
 25944 | Orc:2    | Found Luxeshrig's Jewellery Emporium.
 26149 | Orc:2    | Found Ipuehew's Distillery.
 26167 | Orc:2    | Bought a potion of heal wounds for 75 gold pieces
 26662 | Swamp:1  | Reached skill level 10 in Fighting
 26890 | Lair:3   | Killed Josephine
 27262 | Swamp:1  | Reached skill level 12 in Invocations
 28383 | Swamp:2  | Noticed a thorn hunter
 28388 | Swamp:1  | Killed a thorn hunter
 29335 | Swamp:2  | Noticed a thorn hunter
 29342 | Swamp:2  | Killed a thorn hunter
 29597 | Swamp:2  | Reached skill level 5 in Stealth
 29601 | Swamp:2  | Noticed a thorn hunter
 29611 | Swamp:2  | Killed a thorn hunter
 29969 | Swamp:2  | Identified the +11 quarterstaff of Wariness {vorpal, Fly}
 30461 | Swamp:3  | Noticed a thorn hunter
 30470 | Swamp:3  | Killed a thorn hunter
 30784 | Swamp:3  | Learned a level 4 spell: Airstrike
 31209 | Swamp:4  | Entered Level 4 of the Swamp
 31256 | Swamp:4  | Noticed Louise
 31265 | Swamp:4  | Cast into level 3 of the Abyss (Louise)
 31346 | Abyss:5  | Entered Level 5 of the Abyss
 31385 | Swamp:4  | Escaped the Abyss
 31412 | Swamp:4  | Killed Louise
 31618 | Swamp:4  | Reached XP level 17. HP: 129/129 MP: 20/31
 31627 | Swamp:4  | Reached skill level 5 in Air Magic
 32040 | Swamp:4  | Reached skill level 10 in Earth Magic
 32177 | Swamp:4  | Noticed a tentacled monstrosity
 32187 | Swamp:4  | Killed a tentacled monstrosity
 32214 | Swamp:4  | Got a decaying rune of Zot
 32545 | Swamp:4  | Noticed a tentacled monstrosity
 32552 | Swamp:4  | Killed a tentacled monstrosity
 33054 | Swamp:4  | Identified the +6 scale mail of the Wumpus {-Tele Str+10
                  | Int+2 Stlth+}
 33243 | Spider:1 | Entered Level 1 of the Spider Nest
 33324 | Spider:1 | Reached skill level 5 in Transmutations
 33838 | Spider:1 | Found a large runed translucent door.
 33838 | Spider:1 | Found a large runed translucent door.
 33838 | Spider:1 | Noticed confidenceinterval's ghost (journeyman GrSu)
 34387 | Spider:2 | Reached skill level 13 in Invocations
 35273 | Spider:2 | Noticed Kirke
 35283 | Spider:2 | Killed Kirke
 37436 | Spider:3 | Noticed Bai Suzhen
 37462 | Spider:3 | Killed Bai Suzhen
 37463 | Spider:3 | Reached XP level 18. HP: 43/136 MP: 3/33
 37775 | Spider:3 | Noticed Nikola
 37793 | Spider:3 | Killed Nikola
 37942 | Spider:3 | Reached skill level 10 in Conjurations
 38267 | Spider:4 | Entered Level 4 of the Spider Nest
 39464 | Spider:4 | Got a gossamer rune of Zot
 40223 | Elf:1    | Entered Level 1 of the Elven Halls
 40500 | Elf:1    | Reached skill level 10 in Dodging
 40616 | Elf:1    | Found the +8 autumn katana {vorpal, manifold assault}
 40937 | Elf:1    | Paralysed by an air elemental for 1 turns
 40941 | Elf:1    | Paralysed by an air elemental for 1 turns
 40947 | Elf:1    | Paralysed by an air elemental for 1 turns
 40955 | Elf:1    | Paralysed by an air elemental for 1 turns
 40960 | Elf:1    | Paralysed by an air elemental for 1 turns
 41053 | Elf:1    | Got Ciudair's Incunabulum of Evil
 41948 | Elf:2    | Found a radiant altar of Vehumet.
 42127 | Elf:2    | Reached skill level 14 in Invocations
 42129 | Elf:2    | Gained mutation: Your touch may inflict irresistible damage
                  | on your foes. [demonic ancestry]
 42129 | Elf:2    | Reached XP level 19. HP: 144/144 MP: 25/35
 42562 | Elf:2    | Identified the +1 leather armour of Vasin {Dex+4}
 42590 | Elf:2    | Found a runed translucent gate.
 42590 | Elf:2    | Found a runed translucent gate.
 42591 | Elf:2    | Found a runed translucent gate.
 42685 | Elf:3    | Entered Level 3 of the Elven Halls
 42689 | Elf:3    | Paralysed by an air elemental for 1 turns
 42854 | Vaults:1 | Entered Level 1 of the Vaults
 42959 | Vaults:1 | Found Bimae's Book Boutique.
 43258 | Vaults:1 | HP: 6/144 [something (6)]
 43258 | Vaults:1 | Killed from afar by an ironbound thunderhulk

Illustrated notes

Levels and vault maps discovered:
D:1:      scummos_arrival_checkerplants, layout_basic, minmay_pentomino_s4
D:2:      layout_loops_ring, hellmonk_ecumenical_altar_watching_god,
          minmay_misc_feat_more_columns, kennysheep_generic_room_16,
          uniq_sigmund
D:3:      layout_rooms, mainiacjoe_overflow_surrounded_room
D:4:      cheibrodos_fertilizer, layout_basic, amcnicky_altar_gilded,
          minmay_temple_entry_gardened_gates, serial_curves, eino_curves_04,
          eino_curves_01, eino_curves_01, eino_curves_03,
          minmay_misc_feat_plants, uniq_eustachio
D:5:      layout_basic
D:6:      layout_cave_pods, uniq_grinder
D:7:      layout_rooms, minmay_three_doors, uniq_crazy_yiuf_cottage
D:8:      layout_basic, uniq_maurice
D:9:      statuecave_lemuel, layout_cave_pools, tgw_kikubaaqudgha,
          mainiacjoe_overflow_chevrons, minmay_guarded_unrand_finisher
D:10:     layout_grid_maze, lair_entry_dummy, uniq_psyche
D:11:     layout_loops_ring, kennysheep_orc_monster_closet_entryway,
          maelrawn_ghost_gauntlet_escape, uniq_sonja
D:12:     layout_stronghold, uniq_urug
D:13:     layout_long_grid, skrybe_vaults_entry_preservation,
          portal_ice_cave_entry_imps
D:14:     layout_basic, nemelex_spade_bored_becter, serial_shops,
          nicolae_shop_crystal
D:15:     hangedman_depths_entry_try_elsewhere_first, layout_basic,
          nicolae_ashenzari_skybound, minmay_misc_feat_tower,
          nicolae_transmutations_shop
Temple:   hc_temple_tempest_star
Lair:1:   layout_small_grid, ebering_ghost_disaster_area, lemuel_fruit_fields,
          grunt_megastairs_3, infiniplex_staircase_pool_2
Lair:2:   layout_loops_ring, serial_bayou_shore_a
Lair:3:   layout_layer_cave, minmay_swamp_entry_swarm,
          kennysheep_basilisk_garden, grunt_megastairs_2
Lair:4:   nzn_winding_woodlands_small [nzn_winding_woodlands_5x15_cabin,
          nzn_winding_woodlands_center_diamonds,
          nzn_winding_woodlands_5x15_sidewinder], layout_misc_corridors,
          spider_nest_entry_funnel_web, st_stairs_4
Lair:5:   lemuel_slime, layout_cave_pods, slime_dummy
Lair:6:   evilmike_catoblepas_cave, layout_loops_ring, grunt_megastairs_4,
          lemuel_fruit_fields
Swamp:1:  layout_basic_swamp, evilmike_swamp_ruin_rubble_1, swamp_pool1,
          st_swamp_ruins_3, uniq_josephine
Swamp:2:  layout_falls_marsh, serial_swamp_ruin, evilmike_swamp_ruin_house_6,
          evilmike_swamp_ruin_house_1, evilmike_swamp_ruin_house_4,
          st_swamp_ruins_2
Swamp:3:  layout_basic_swamp, evilmike_swamp_ruin_house_2, swamp_pool1
Swamp:4:  swamp_vile, layout_basic_swamp, uniq_louise
Spider:1: layout_cave_pods, ebering_ghost_disaster_area,
          einodemon_crawler_minivault, hangedman_spider_tarantella_strand
Spider:2: layout_chambers, drop_trap, uniq_kirke
Spider:3: layout_spider_delve, spiders_nest_ghost_moth_duel, uniq_nikola,
          uniq_bai_suzhen
Spider:4: hellmonk_spider_rune_bug_friends, guppyfry_spider_mini_1
Orc:1:    layout_caves
Orc:2:    kennysheep_orc_mage_school, layout_caves, basic_altar
Elf:1:    nicolae_elf_arrival_aired_out, layout_rooms, minmay_elf_necromancy,
          grunt_ministairs_2
Elf:2:    nicolae_elf_blades_splatter_lattice
          [nicolae_blade_entry_sentries_behind_glass], layout_geoelf_octagon,
          basic_altar
Elf:3:    grunt_elf_hall_asides, layout_rooms, grunt_megastairs_5
Vaults:1: vaults_mumra_minichess_inversion, st_greater_box_5,
          ontoclasm_vaults_spin, nicolae_vaults_ninety_degrees,
          dpeg_vaults_monster_box, ontoclasm_vaults_loading_screen,
          ontoclasm_vaults_chip, layout_vaults_chaotic_city, enter_trove_6,
          serial_shops, nicolae_lakefront_shop

Skill      XL: |  1  2  3  4  5  6  7  8  9 10 11 12 13 14 15 16 17 18 19 |
---------------+----------------------------------------------------------+-----
Long Blades    | 2 3 4 5 6 |  6.0
Shields        | 3 4 5 6 7 8 |  8.8
Armour         | 3 4 5 6 |  6.2
Dodging        | 1 2 3 4 5 6 7 8 9 10 | 10.3
Fighting       | 4 5 6 7 8 9 10 11 | 11.5
Spellcasting   | 1 2 3 4 5 6 7 8 9 10 11 12 | 12.8
Earth Magic    | 1 2 3 4 5 6 7 8 9 10 11 | 11.0
Short Blades   | 2 3 4 |  4.0
Invocations    | 2 4 6 7 9 10 11 12 13 14 | 14.2
Conjurations   | 1 2 4 5 6 7 8 9 10 | 10.6
Stealth        | 1 2 3 4 5 |  5.1
Throwing       | 1 2 |  2.1
Maces & Flails | 4 6 8 9 10 11 12 | 12.9
Transmutations | 2 3 4 5 6 |  6.2
Air Magic      | 1 3 4 7 8 |  8.9

Action                   |  1- 3 |  4- 6 |  7- 9 | 10-12 | 13-15 | 16-18 | 19-21 || total
-------------------------+-------+-------+-------+-------+-------+-------+-------++-------
Melee: Long sword        |    84 |    84 |       |       |       |       |       ||   168
       Dagger            |       |    99 |    20 |       |       |       |       ||   119
       Rapier            |       |       |   274 |       |       |       |       ||   274
       Shillelagh        |       |       |     4 |   323 |   499 |   879 |    82 ||  1787
Throw: Boomerang         |       |       |    13 |       |    17 |    18 |     4 ||    52
       Dart              |       |       |    10 |     5 |     6 |    15 |       ||    36
       Throwing net      |       |       |       |       |       |     1 |       ||     1
 Cast: Sandblast         |       |       |    34 |     1 |    36 |     9 |       ||    80
       Stone Arrow       |       |       |       |    29 |   228 |   134 |     5 ||   396
       Airstrike         |       |       |       |       |       |   390 |    21 ||   411
       Iron Shot         |       |       |       |       |       |     8 |       ||     8
Invok: Slouch            |       |       |       |       |     7 |     8 |     4 ||    19
Evoke: Wand              |       |       |     4 |       |       |     2 |       ||     6
       Box of beasts     |       |       |       |       |       |     2 |       ||     2
  Use: Scroll            |       |       |     6 |     6 |    20 |     4 |       ||    36
       Potion            |       |       |     1 |       |     1 |     6 |       ||     8
 Stab: Paralysed         |       |       |     2 |       |       |       |       ||     2
       Sleeping          |       |       |     1 |     4 |    11 |     6 |       ||    22
       Distracted        |       |       |     1 |       |       |     3 |       ||     4
       Petrified         |       |       |       |       |     1 |       |       ||     1
       Invisible         |       |       |       |       |     1 |       |       ||     1
Armor: Scale mail        |    46 |    33 |       |       |       |       |       ||    79
       Ring mail         |       |    27 |    25 |       |       |       |       ||    52
       Troll leather arm |       |       |    43 |    94 |   126 |   116 |    11 ||   390
       Plate armour      |       |       |       |       |       |    41 |       ||    41
       Swamp dragon scal |       |       |       |       |       |   179 |       ||   179
Dodge: Dodged            |    41 |    81 |   188 |   331 |   411 |   599 |    28 ||  1679
Block: Buckler           |    20 |    84 |   145 |   210 |   384 |   601 |       ||  1444
       Tower shield      |       |       |       |       |       |    46 |    64 ||   110
